AoeStats
← tony le gros rou

Arabia

506514435Analyzed
4v4 RM · 18d ago on Sep 13, 2026· 55m 57s· 8 players
Game mode
Random Map
Map size
Large (8 player)
Population
200
Speed
Normal
Resources
Standard
Victory
Conquest
Starting age
Dark Age
Ending age
Imperial Age
RankedLock teamsTeams togetherTeam positionsShared explorationLock speedFull tech treeHidden civsTurbo modeCheats
Victory
Defeat
🇺🇸 Chinese · United States
1488
+14
🇲🇽 Slavs · Mexico
1487
+14
🇨🇱 Magyars · Chile
1470
+15
🇵🇪 Huns · Peru
1418
+17
🇫🇷 Wu · France
1568
-20
🇫🇷 Magyars · France
1447
-15
🇫🇷 Vikings · France
1429
-14
🇫🇷 Persians · France
1338
-11
Battle beast
7:13 Loom
9:43 Feudal Age
10:17 Double-Bit Axe
10:49 Horse Collar
15:56 Wheelbarrow
17:20 Town Watch
18:47 Scale Barding Armor
21:29 Castle Age
20:22 Scale Barding Armor
20:50 Forging
20:38 Gold Mining
21:33 Bloodlines
22:12 Husbandry
21:37 Light Cavalry
23:08 Chain Barding Armor
24:15 Iron Casting
26:05 Bow Saw
38:05 Hand Cart
ITzMfMiyagi
0:27 Loom
8:43 Feudal Age
10:04 Double-Bit Axe
13:17 Fletching
16:21 Horse Collar
23:57 Padded Archer Armor
26:04 Castle Age
24:42 Padded Archer Armor
25:22 Gold Mining
26:41 Bodkin Arrow
26:17 Crossbowman
28:41 Leather Archer Armor
31:07 Ballistics
33:44 Bow Saw
37:49 Wheelbarrow
38:11 Thumb Ring
44:10 Imperial Age
44:53 Bracer
44:44 Arbalester
46:31 Chemistry
47:54 Ring Archer Armor
53:35 Hand Cart
53:05 Town Watch
Doctor Simi
6:45 Loom
7:13 Loom
9:43 Feudal Age
10:22 Double-Bit Axe
11:18 Town Watch
11:22 Horse Collar
15:25 Scale Barding Armor
20:42 Wheelbarrow
23:32 Castle Age
22:05 Bloodlines
22:46 Gold Mining
24:21 Husbandry
24:43 Chain Barding Armor
24:44 Bow Saw
24:08 Light Cavalry
38:04 Hand Cart
40:32 Imperial Age
39:14 Ballistics
40:49 Cavalier
42:09 Plate Barding Armor
43:28 Stone Mining
44:13 Gold Shaft Mining
43:39 Heavy Plow
44:40 Two-Man Saw
45:57 Fletching
46:09 Paladin
47:55 Conscription
48:19 Corvinian Army
47:50 Elite Magyar Huszar
53:32 Recurve Bow
54:07 Hoardings
53:02 Sappers
53:34 Scale Mail Armor
53:34 Padded Archer Armor
53:29 Bodkin Arrow
_The_Oldergold
6:49 Loom
9:54 Feudal Age
9:57 Man-at-Arms
13:29 Fletching
16:23 Double-Bit Axe
18:53 Wheelbarrow
19:27 Town Watch
20:33 Padded Archer Armor
24:39 Castle Age
23:22 Gold Mining
23:13 Horse Collar
25:23 Bodkin Arrow
24:49 Crossbowman
25:49 Leather Archer Armor
25:58 Bow Saw
27:03 Ballistics
32:47 Thumb Ring
37:34 Imperial Age
35:41 Heavy Plow
38:20 Bracer
39:21 Chemistry
41:00 Parthian Tactics
42:05 Gold Shaft Mining
41:21 Stone Mining
42:32 Two-Man Saw
42:03 Heavy Cavalry Archer
42:55 Forging
43:09 Bloodlines
48:33 Light Cavalry
49:14 Husbandry
49:48 Conscription
50:41 Scale Barding Armor
51:12 Iron Casting
50:50 Marauders
50:30 Elite Tarkan
52:17 Chain Barding Armor
53:54 Hand Cart
54:44 Plate Barding Armor
55:57 Blast Furnace
tony le gros rou
4:47 Loom
8:55 Feudal Age
23:04 Castle Age
21:32 Scale Barding Armor
22:51 Bloodlines
22:45 Double-Bit Axe
23:02 Horse Collar
25:11 Husbandry
31:12 Chain Barding Armor
Superbrasseur
2:28 Loom
10:02 Feudal Age
10:52 Double-Bit Axe
10:49 Horse Collar
13:12 Wheelbarrow
13:07 Scale Barding Armor
21:48 Bloodlines
23:05 Forging
27:14 Castle Age
27:11 Town Watch
28:01 Wheelbarrow
27:43 Husbandry
27:04 Light Cavalry
28:09 Chain Barding Armor
27:52 Heavy Plow
28:03 Bow Saw
30:32 Fletching
43:32 Hand Cart
43:05 Elite Skirmisher
44:30 Gold Mining
44:31 Stone Mining
46:29 Bodkin Arrow
46:34 Padded Archer Armor
51:37 Imperial Age
49:59 Leather Archer Armor
50:29 Pikeman
51:09 Squires
52:54 Scale Mail Armor
53:30 Iron Casting
ccereal
6:13 Loom
8:30 Feudal Age
9:38 Double-Bit Axe
12:08 Fletching
21:48 Castle Age
20:38 Padded Archer Armor
21:55 Crossbowman
22:31 Bodkin Arrow
26:03 Gold Mining
27:07 Bow Saw
28:37 Ballistics
28:38 Leather Archer Armor
39:38 Imperial Age
38:10 Horse Collar
39:39 Arbalester
40:20 Bracer
40:54 Conscription
42:35 Ring Archer Armor
44:15 Chemistry
45:08 Heavy Plow
47:16 Bogsveigar
Frorok
7:07 Loom
9:35 Feudal Age
9:44 Man-at-Arms
15:05 Double-Bit Axe
17:26 Fletching
21:25 Gold Mining
27:25 Padded Archer Armor
32:14 Castle Age
32:16 Crossbowman
32:57 Bodkin Arrow
35:00 Leather Archer Armor
34:59 Bow Saw
35:22 Guard Tower
37:54 Ballistics
43:10 Wheelbarrow
48:28 Imperial Age
48:19 Town Watch
49:24 Bracer
50:02 Arbalester
52:38 Chemistry
Connection lost

Rejoining the realm…

Still unreachable

The connection could not be restored.

Session expired

The server has moved on; the page needs a fresh start.